 Dungeon Crawl Stone Soup version 0.21.1-1-g345015f (webtiles) character file.

65 Mirai the Sneak (level 4, 0/36 HPs)
             Began as a Kobold Enchanter on Apr 24, 2018.
             Slain by a jackal (1 damage)
             ... on level 2 of the Dungeon.
             The game lasted 00:04:41 (2521 turns).

Mirai the Sneak (Kobold Enchanter)                  Turns: 2521, Time: 00:04:42

Health: 0/36       AC: 22    Str:  6    XL:     4   Next: 34%
Magic:  7/8        EV:  3    Int: 16    God:
Gold:   125        SH:  0    Dex: 15    Spells: 2/8 levels left

rFire    . . .     SeeInvis .   a - +1 dagger
rCold    . . .     Gourm    .   (shield restricted)
rNeg     + + +     Faith    .   (armour currently unavailable)
rPois    +         Spirit   .   (helmet currently unavailable)
rElec    .         Reflect  .   (cloak currently unavailable)
rCorr    .         Harm     .   (gloves currently unavailable)
MR       .....     NoTele   +   (boots currently unavailable)
Stlth    +++.......             (no amulet)
HPRegen  0.12/turn              (no ring)
MPRegen  0.11/turn              (no ring)

@: tree-form
A: small, carnivore
a: no special abilities


You were on level 2 of the Dungeon.
You were very full.
You were a tree.
You visited 1 branch of the dungeon, and saw 2 of its levels.

You collected 125 gold pieces.

Inventory:

Hand Weapons
 a - a +1 dagger (weapon)
Armour
 b - a +0 robe (melded)
 j - a +0 buckler
 l - a +0 cloak
Wands
 k - a wand of flame (44)
Scrolls
 e - a scroll of fear {unknown}
 f - 2 scrolls of identify {unknown}
 g - a scroll of enchant weapon {unknown}
 h - 2 scrolls of remove curse {unknown}
Books
 c - a book of Maledictions

   Spells                             Type                      Level
   a - Corona                         Hexes                        1
   b - Ensorcelled Hibernation        Hexes/Ice                    2
   c - Confuse                        Hexes                        3
   d - Tukima's Dance                 Hexes                        3
   e - Dazzling Spray                 Conjuration/Hexes            3
Comestibles
 d - 2 rations


   Skills:
 + Level 2.5 Short Blades
 + Level 3.1 Dodging
 + Level 4.6 Stealth
 + Level 2.7 Spellcasting
 + Level 3.4 Hexes


You had 2 spell levels left.
You knew the following spells:

 Your Spells              Type           Power        Failure   Level  Hunger
a - Corona                Hex            ##.....      4%          1    #......
b - Ensorcelled Hibernat  Hex/Ice        #.....       14%         2    ##.....
c - Tukima's Dance        Hex            ##......     14%         3    ###....


Dungeon Overview and Level Annotations

Branches:
Dungeon (2/15)

Altars:


Innate Abilities, Weirdness & Mutations

You are small and have problems with some larger weapons.
You are carnivorous and can eat meat at any time.


Message History

The jackal is heavily wounded.
The jackal bites you but does no damage. x2
You hit the jackal.
The jackal is severely wounded.
The jackal bites you but does no damage. x2
The jackal bites you.
* * * LOW HITPOINT WARNING * * *
You hit the jackal.
The jackal is almost dead.
The jackal bites you but does no damage. x2
You miss the jackal.
The jackal is almost dead.
The jackal bites you but does no damage. x2
A goblin comes into view. It is wielding a club.
The goblin shouts!
You hit the jackal but do no damage.
The jackal is almost dead.
The jackal bites you but does no damage.
The jackal barely misses you. The jackal bites you.
You die...

#....# #......#.#####.#
#....######......#......
###.......# #.♣#♣#♣#♣.♣.♣.
#.......#.# #.............
##.#..#..#.####♣#♣#♣#♣.♣#♣.
#..#.>#..... #......##.#
##.#....#..#.## #########.#
.........#.w#h# #..
###.#.#....lh♣# ###
........g<.###
.#.$###..#.## #.$ #..#.#
... #..#.# .# h....#
#hh...# #l....# ...#


You could see a dart slug, 2 jackals, a goblin and a frilled lizard.

Vanquished Creatures
  2 adders (D:2)
  A worm (D:2)
  2 dart slugs (D:1)
  4 giant cockroaches
  4 goblins
  3 hobgoblins
  9 jackals
  2 kobolds (D:1)
  2 ball pythons (D:1)
  4 bats
  2 frilled lizards
  4 rats
39 creatures vanquished.

Notes
Turn   | Place    | Note
-------+----------+-------------------------------------------
     0 | D:1      | Mirai the Kobold Enchanter began the quest for the Orb.
     0 | D:1      | Reached XP level 1. HP: 10/10 MP: 3/3
   176 | D:1      | Reached XP level 2. HP: 6/15 MP: 5/5
   870 | D:1      | Reached XP level 3. HP: 16/19 MP: 6/6
  1441 | D:2      | Learned a level 2 spell: Ensorcelled Hibernation
  1445 | D:2      | Learned a level 3 spell: Tukima's Dance
  2170 | D:2      | Reached XP level 4. HP: 13/24 MP: 4/8
  2516 | D:2      | HP: 1/36 [jackal (2)]
  2521 | D:2      | Slain by a jackal

Skill      XL: |  1  2  3 |
---------------+----------+-----
Short Blades   | 2 |  2.5
Dodging        | 3 |  3.1
Stealth        | |  4.6
Spellcasting   | |  2.7
Hexes          | |  3.4

Action                   |  1- 3 |  4- 6 || total
-------------------------+-------+-------++-------
Melee: Dagger            |   143 |    54 ||   197
 Cast: Ensorcelled Hiber |     3 |     2 ||     5
  Use: Potion            |       |     1 ||     1
 Stab: Sleeping          |     8 |     1 ||     9
  Eat: Chunk             |    12 |     1 ||    13
Armor: Robe              |    19 |     7 ||    26
       Skin              |       |    54 ||    54
Dodge: Dodged            |   118 |    53 ||   171
